 Dungeon Crawl Stone Soup version 0.24.0-125-gc4c63601f3 (webtiles) character file.

Game seed: 14145240568753697180, levelgen mode: deterministic

1377 Bodigarde the Chopper (level 8, -3/63 HPs)
             Began as a Vine Stalker Berserker on Mar 13, 2020.
             Was a Priest of Trog.
             Slain by Duvessa
             ... wielding a +2 rapier of draining
              (8 damage)
             ... on level 6 of the Dungeon.
             The game lasted 00:19:59 (4939 turns).

Bodigarde the Chopper (Vine Stalker Berserker)      Turns: 4939, Time: 00:19:59

Health: -3/63      AC: 11    Str: 28    XL:     8   Next: 66%
Magic:  0/9        EV:  7    Int:  7    God:    Trog [***...]
Gold:   245        SH:  9    Dex: 13    Spells: 7/7 levels left

rFire    . . .     SeeInvis .   a - +0 war axe
rCold    + . .     Gourm    .   k - +0 shield
rNeg     . . .     Faith    .   E - +0 chain mail
rPois    .         Spirit   +   w - +0 helmet
rElec    .         Reflect  .   F - +0 cloak
rCorr    .         Harm     .   (no gloves)
MR       +....                  (no boots)
Stlth    ..........             (no amulet)
HPRegen  0.60/turn              A - ring of protection from cold
MPRegen  0.11/turn              y - ring of flight

@: berserking, lethally poisoned (-3 -> -5), about to teleport, heavily drained,
very quick
A: fangs 3, regeneration 1, magic shield, antimagic bite, no potion heal 3, rot
immunity
a: Berserk, Trog's Hand, Renounce Religion, Evoke Flight


You were on level 6 of the Dungeon.
You worshipped Trog.
Trog was most pleased with you.
You were very hungry.

You visited 1 branch of the dungeon, and saw 6 of its levels.

You collected 245 gold pieces.

Inventory:

Hand Weapons
 a - a +0 war axe (weapon)
Missiles
 d - 198 stones
 t - 3 javelins
 C - 2 boomerangs (quivered)
Armour
 k - a +0 shield (worn)
 w - a +0 helmet (worn)
 E - a +0 chain mail (worn)
 F - a +0 cloak (worn)
Jewellery
 m - a +4 ring of intelligence
 y - a ring of flight (right hand)
 A - a ring of protection from cold (left hand)
Wands
 D - a wand of polymorph (5)
Scrolls
 f - 5 scrolls of teleportation
 n - a scroll of amnesia {unknown}
 o - 2 scrolls of fog
 p - a scroll of immolation
 u - a scroll of magic mapping
 v - a scroll of enchant armour
 z - a scroll of random uselessness {unknown}
 B - a scroll of enchant weapon {unknown}
Potions
 b - a potion of berserk rage
 e - a potion of agility
 g - a potion of lignification {unknown}
 h - 2 potions of haste
 i - a potion of flight {unknown}
 j - 2 potions of heal wounds
 q - 2 potions of mutation
 s - a potion of might {unknown}
 x - a potion of brilliance {unknown}
 H - a potion of curing {unknown}
Comestibles
 c - 9 rations


   Skills:
 + Level 4.7(3.2) Fighting
 * Level 6.1(4.5) Axes
 + Level 3.7(2.2) Armour
 + Level 3.8(2.3) Dodging
 + Level 3.2(1.7) Shields


You had 7 spell levels left.
You didn't know any spells.
Your spell library was empty.

Dungeon Overview and Level Annotations

Branches:
Dungeon (6/15)             Temple (0/1) D:5

Altars:
Gozag
Hepliaklqana
Makhleb
Qazlal
Trog
Uskayaw
Vehumet
Wu Jian
Zin

Annotations:
D:6 Duvessa


Innate Abilities, Weirdness & Mutations

You have razor-sharp teeth.
Your natural rate of healing is unusually fast.
When hurt, damage is shared between your health and your magic reserves.
Your bite disrupts and absorbs the magic of your enemies.
Potions cannot restore your health.
You are immune to rotting.


Message History

Okay, then.
Evoke which item? (* to show all) (? for menu, Esc to quit)
Okay, then.
Unknown command.
Okay, then.
Okay, then.
A red film seems to cover your vision as you go berserk!
You feel yourself moving faster!
You feel mighty!
You are feeling very hungry.
You feel sick. Duvessa barely misses you.
You barely miss Duvessa. You bite Duvessa! You drain her power.
You feel invigorated.
Duvessa is severely wounded.
You feel sick.
Duvessa hits you with a +2 rapier of draining!
* * * LOW HITPOINT WARNING * * *
You feel drained.
* * * LOW HITPOINT WARNING * * *
Duvessa hits you with a +2 rapier of draining!
You die...

....... ....... #
....... .#.......
##........
#......... ##.(#
#)e## ..# #@## #.#
#)# ### #.#
#.######8######.#
#(##8_.._.._8##.#
#..##≈.....≈##..#
#..##≈≈)..≈≈##..##
##..##≈≈.≈≈##.....
##..##≈†≈##......
##..##'##....##.


You could see Duvessa (berserk).

Vanquished Creatures
  Edmund (D:4)
  An ice beast (D:4)
  3 ogres (D:4)
  A centaur (D:6)
  Blork the orc (D:5)
  A big kobold (D:5)
  Dowan (D:6)
  A scorpion (D:6)
  A howler monkey (D:4)
  A bullfrog zombie (D:5)
  An orc priest (D:4)
  A hound (D:5)
  A centaur skeleton (D:5)
  2 iguanas
  A worker ant (D:5)
  4 orc wizards
  Natasha (thrice) (D:4)
  A killer bee zombie (D:5)
  A hound zombie (D:5)
  A worker ant zombie (D:5)
  4 adders
  A shadow imp (D:5)
  An ooze (D:1)
  An adder skeleton (D:4)
  A worm (D:5)
  4 dart slugs
  3 leopard geckos
  7 orcs
  7 bats
  7 giant cockroaches
  5 goblins
  7 hobgoblins
  11 jackals
  4 quokkas
  2 ball pythons
  3 frilled lizards
  10 kobolds
  A leopard gecko zombie (D:5)
  A quokka skeleton (D:4)
  4 rats
112 creatures vanquished.

Notes
Turn   | Place    | Note
-------+----------+-------------------------------------------
     0 | D:1      | Bodigarde the Vine Stalker Berserker began the quest for
                  | the Orb.
     0 | D:1      | Reached XP level 1. HP: 11/11 MP: 2/2
   428 | D:1      | Reached XP level 2. HP: 12/16 MP: 1/3
   689 | D:1      | Reached skill level 3 in Axes
  1176 | D:2      | Reached XP level 3. HP: 13/19 MP: 2/4
  1717 | D:2      | Found a radiant altar of Vehumet.
  2131 | D:2      | Gained mutation: Your natural rate of healing is unusually
                  | fast. [Vine Stalker growth]
  2131 | D:2      | Reached XP level 4. HP: 22/24 MP: 5/5
  2310 | D:2      | Reached ** piety under Trog
  2449 | D:3      | Found a hide-covered altar of Uskayaw.
  2464 | D:3      | Noticed a +0 hand axe
  2465 | D:3      | Noticed a +0 dagger
  2675 | D:3      | Reached XP level 5. HP: 25/28 MP: 6/6
  2686 | D:3      | Reached skill level 1 in Shields
  2726 | D:3      | Found a stormy altar of Qazlal.
  2768 | D:3      | Found a hazy altar of Hepliaklqana.
  3224 | D:4      | Noticed an ogre
  3231 | D:4      | Killed an ogre
  3231 | D:4      | Reached skill level 4 in Axes
  3231 | D:4      | Reached XP level 6. HP: 32/32 MP: 7/7
  3263 | D:4      | Noticed Edmund
  3276 | D:4      | Killed Edmund
  3309 | D:4      | Reached *** piety under Trog
  3428 | D:4      | Noticed Natasha
  3440 | D:4      | Killed Natasha
  3443 | D:4      | Reached XP level 7. HP: 37/37 MP: 8/8
  3490 | D:4      | Reached skill level 5 in Axes
  3590 | D:4      | Found an opulent altar of Gozag.
  3592 | D:4      | Noticed Natasha
  3605 | D:4      | Killed Natasha
  3654 | D:4      | Noticed Natasha
  3660 | D:4      | Killed Natasha
  3926 | D:4      | Gained mutation: You have razor-sharp teeth. [Vine Stalker
                  | growth]
  3926 | D:4      | Reached XP level 8. HP: 42/42 MP: 9/9
  4062 | D:5      | Entered Level 5 of the Dungeon
  4184 | D:5      | Found a stormy altar of Qazlal.
  4490 | D:5      | Found an ornate altar of the Wu Jian Council.
  4652 | D:5      | Noticed Blork the orc
  4678 | D:5      | Killed Blork the orc
  4709 | D:5      | Found a staircase to the Ecumenical Temple.
  4869 | D:6      | Found a bloodstained altar of Trog.
  4869 | D:6      | Found a glowing silver altar of Zin.
  4870 | D:6      | Found a burning altar of Makhleb.
  4881 | D:6      | Reached skill level 6 in Axes
  4917 | D:6      | Noticed Dowan
  4932 | D:6      | Noticed Duvessa
  4935 | D:6      | Killed Dowan
  4939 | D:6      | Slain by Duvessa

Levels and vault maps discovered:
D:1:      dpeg_arrival_windows_large_door, layout_loops_ring,
          minmay_tree_intersection
D:2:      layout_basic, overflow_temple_1_default, grunt_ministairs_3,
          guppyfry_early_lair_pool
D:3:      layout_basic, nicolae_overflow_crystal_walls, lemuel_round_altar,
          dancing_weapons_uskayaw, serial_rivers, chequers_serial_rivers_room_b,
          chequers_serial_rivers_large_a, chequers_serial_rivers_micro_d,
          chequers_serial_rivers_micro_a
D:4:      layout_basic, grunt_gozag_breadcrumbs, uniq_natasha, uniq_edmund
D:5:      layout_basic, overflow_temple_1_default,
          minmay_temple_entry_mini_moons, first_ration, basic_altar,
          hangedman_abyss_or_decor_jellyfish_corner, uniq_blork_the_orc
D:6:      layout_loops_ring, gammafunk_temple_overflow_claw, uniq_menkaure,
          uniq_sigmund, uniq_duvessa

Skill      XL: |  1  2  3  4  5  6  7  8 |
---------------+-------------------------+-----
Axes           | 3 4 5 6 |  6.1
Fighting       | 3 4 |  4.7
Armour         | 2 3 |  3.7
Dodging        | 2 3 |  3.8
Shields        | 1 2 3 |  3.2

Action                   |  1- 3 |  4- 6 |  7- 9 || total
-------------------------+-------+-------+-------++-------
Melee: Hand axe          |   101 |   134 |   117 ||   352
       Bite              |    28 |    41 |    55 ||   124
       War axe           |       |       |    22 ||    22
Throw: Stone             |     4 |     6 |       ||    10
       Boomerang         |       |     5 |    21 ||    26
Invok: Berserk           |     3 |     3 |     1 ||     7
       Trog's Hand       |       |     2 |       ||     2
  Use: Scroll            |       |     3 |    10 ||    13
 Stab: Sleeping          |     2 |       |       ||     2
  Eat: Chunk             |     4 |     6 |     6 ||    16
       Ration            |     1 |       |       ||     1
Armor: Animal skin       |    18 |       |       ||    18
       Scale mail        |     9 |    55 |       ||    64
       Chain mail        |       |     5 |    57 ||    62
Dodge: Dodged            |    42 |    44 |    33 ||   119
Block: Shield            |    24 |    61 |    69 ||   154
